 Dungeon Crawl Stone Soup version 0.30-a0-618-gd6c86c23d0 (webtiles) character file.

Game seed: 17680650163903724571

21 acebull12 the Chopper (level 2, 0/27 HPs)
             Began as a Hill Orc Cinder Acolyte on Jan 9, 2023.
             Was a High Priest of Ignis.
             Slain by a hobgoblin
             ... wielding a +0 mace
              (5 damage)
             ... on level 1 of the Dungeon.
             The game lasted 00:01:46 (527 turns).

acebull12 the Chopper (Hill Orc Cinder Acolyte)      Turns: 527, Time: 00:01:47

Health: 0/27       AC:  3    Str: 16    XL:     2   Next: 87%
Magic:  0/3        EV: 10    Int: 14    God:    Ignis [*****.]
Gold:   35         SH:  2    Dex:  6    Spells: 1/3 levels left

rFire   + . .      SeeInvis .    a - -1 hand axe (flame)
rCold   . . .      Faith    .    i - +0 buckler
rNeg    . . .      Spirit   .    d - +0 leather armour
rPois   .          Reflect  .    (no helmet)
rElec   .          Harm     .    (no cloak)
rCorr   .          Rampage  .    (no gloves)
Will    .....                    (no boots)
Stlth   +                        (no amulet)
HPRegen 0.24/turn                (no ring)
MPRegen 0.08/turn                (no ring)

@: no status effects
A: no striking features
a: Renounce Religion, Fiery Armour, Foxfire Swarm, Rising Flame


You were on level 1 of the Dungeon.
You worshipped Ignis.
Ignis was extremely pleased with you.
You visited 1 branch of the dungeon, and saw 1 of its levels.

You collected 35 gold pieces.

Inventory:

Hand Weapons
 a - a -1 hand axe of flaming (weapon)
Missiles
 h - 5 stones (quivered)
Armour
 d - a +0 leather armour (worn)
 i - a +0 buckler (worn)
Scrolls
 b - a scroll of fear {unknown}
 e - a scroll of fog {unknown}
 f - a scroll of butterflies {unknown}
 g - a scroll of acquirement {unknown}
Potions
 c - a potion of cancellation {unknown}


   Skills:
 + Level 3.8 Fighting
 + Level 4.2 Axes
 * Level 0.2 Shields
 * Level 1.2 Spellcasting
 * Level 3.8 Fire Magic


You had one spell level left.
You knew the following spells:

 Your Spells              Type           Power      Damage    Failure   Level
a - Scorch                Fire           22%        2d6       13%         2

Your spell library contained the following spells:

 Spells                   Type           Power      Damage    Failure   Level


Dungeon Overview and Level Annotations

Branches:
Dungeon (1/15)

Altars:


Message History

A jackal comes into view.
You closely miss the kobold. You miss the jackal.
The kobold closely misses you. The jackal closely misses you.
You barely miss the kobold. You closely miss the jackal. You hit the jackal.
You burn the jackal. The jackal closely misses you.
The jackal bites you but does no damage.
The kobold barely misses you. The jackal bites you.
The jackal bites you but does no damage.
Your magical contamination has completely faded away.
You barely miss the kobold. You closely miss the jackal.
You barely miss the jackal. The jackal barely misses you.
A hobgoblin comes into view. It is wielding a +0 mace.
The kobold hits you with a +0 short sword.
The jackal barely misses you. The jackal bites you.
The kobold hits you with a +0 short sword.
You closely miss the kobold.
The hobgoblin shouts!
You hit the jackal. You burn the jackal.
You kill the jackal!
You hit the jackal. You burn the jackal.
You kill the jackal!
The kobold hits you with a +0 short sword.
You slash the kobold! You burn the kobold.
You kill the kobold!
You closely miss the hobgoblin. The hobgoblin barely misses you.
You barely miss the hobgoblin. The hobgoblin hits you with a +0 mace!
* * * LOW HITPOINT WARNING * * *
Casting: Scorch (safe; 13% risk of failure)
Confirm with . or Enter, or press ? or * to list all spells.
Flames lash the hobgoblin.
The hobgoblin is heavily wounded.
The hobgoblin's fire resistance burns away.
The hobgoblin barely misses you.
You hit the hobgoblin. You burn the hobgoblin.
The hobgoblin is severely wounded.
The hobgoblin closely misses you.
You closely miss the hobgoblin.
The hobgoblin is severely wounded.
The hobgoblin hits you with a +0 mace.
You die...

#######.####
#.#..........#.... #
##.#......####.###. #.
.........#.# #.# #. ...
##........####.###. ....
#..................
.....#......#..####.###.
.......g............# #.
#)@....#..########.
#..................
###.####..######### #.#
#..# # #.# ##..# #.#
#...# #.# #.#.#########
#.###.#.......#.#
#................


You could see a hobgoblin (combustible).

Vanquished Creatures
  A giant cockroach (D:1)
  2 goblins (D:1)
  5 hobgoblins (D:1)
  3 jackals (D:1)
  2 ball pythons (D:1)
  2 bats (D:1)
  A frilled lizard (D:1)
  2 kobolds (D:1)
18 creatures vanquished.

Notes
Turn   | Place    | Note
-------+----------+-------------------------------------------
     0 | D:1      | acebull12 the Hill Orc Cinder Acolyte began the quest for
                  | the Orb.
     0 | D:1      | Reached XP level 1. HP: 19/19 MP: 2/2
   213 | D:1      | Reached XP level 2. HP: 23/27 MP: 3/3
   258 | D:1      | Found a faded altar of an unknown god.
   493 | D:1      | Learned a level 2 spell: Scorch
   527 | D:1      | Slain by a hobgoblin

Illustrated notes

Levels and vault maps discovered:
D:1:      eino_arrival_cavern_a, layout_loops_ring,
          chequers_ecumenical_altar_island, minmay_hexomino_f4

Action                   || total
-------------------------++-------
Melee: Hand axe          ||    43
       Punch             ||     1
 Cast: Scorch            ||     1
Armor: Leather armour    ||     9
Dodge: Dodged            ||    30

Table legend: (Time is in decaauts)
 A = Elapsed time spent in this place.
 B = Non-inter-level travel time spent in this place.
 C = Inter-level travel time spent in this place.
 D = Time resting spent in this place.
 E = Time spent auto-exploring this place.
 F = Levels seen in this place.
 G = Mean time per level.
                   A        B        C        D        E       F      G
               +--------+--------+--------+--------+--------+-----+--------+
         Total |    531 |    531 |      0 |      7 |    382 |   1 |  531.0 |
       Dungeon |    531 |    531 |      0 |      7 |    382 |   1 |  531.0 |
               +--------+--------+--------+--------+--------+-----+--------+

Top non-repeatable levels by time:
     D:1: 531 daAuts
